Map: King's Cove LE

Players

Teejhan - Winner!

  • Race: Terran Terran
  • League: Platinum
  • Spawn Location: 11:00

Sketchaphone

  • Race: Zerg Zerg
  • League: Platinum
  • Spawn Location: 5:00

VOD

Have the link to the VOD?

Description

Time

  • Played on: Feb. 2, 2019, 12:51 p.m.
  • Length: 11:55
Show
View Real Time Build Order
Export as new Build Order

Teejhan Terran - Winner!

Build Orders: Mech 

Get SALT Encoding   

  12  0:01  SCV  
  13  0:13  SCV  
  14  0:18  Supply Depot  
  14  0:25  SCV  
  15  0:40  SCV  
  15  0:41  Barracks  
  16  0:47  Refinery  
  16  0:53  SCV  
  17  1:05  SCV  
  18  1:19  SCV  
  19  1:32  Orbital Command  
  19  1:33  Marine  
  20  1:54  Marine, Supply Depot  
  20  1:59  Factory  
  20  2:00  SCV  
  20  2:01  Refinery  
  22  2:23  Command Center  
  22  2:28  SCV  
  23  2:30  Barracks Reactor  
  23  2:40  SCV  
  24  2:52  SCV  
  24  2:58  Supply Depot  
  25  3:04  SCV  
  26  3:16  SCV  
  27  3:27  Factory  
  27  3:30  Hellion x2  
  27  3:32  Reaper  
  33  3:34  SCV  
  33  3:42  Starport  
  33  3:48  SCV  
  33  3:49  Orbital Command  
  34  4:00  Hellion x2, SCV  
  39  4:05  Barracks Tech Lab  
  39  4:12  SCV  
  40  4:23  Factory Tech Lab  
  40  4:25  SCV  
  41  4:37  Starport Reactor  
  42  4:38  SCV x2  
  42  4:44  Siege Tank x2  
  42  4:45  Command Center  
  49  4:50  SCV x2  
  49  5:30  Marine x2  
  49  5:31  Siege Tank  
  49  5:32  Siege Tank  
  49  5:33  SCV x2  
  52  5:39  Liberator  
  52  5:47  SCV x2  
  52  5:49  Supply Depot  
  54  5:51  Refinery, Supply Depot  
  54  5:52  Refinery, Supply Depot  
  54  5:56  Marine x2  
  59  6:01  SCV x2  
  62  6:05  Orbital Command  
  62  6:07  Hellion x2  
  62  6:10  Infernal Pre-Igniter  
  65  6:28  Armory  
  65  6:34  SCV  
  65  6:35  Factory, SCV x2  
  68  6:51  Factory, Siege Tank  
  68  6:52  Hellion  
  73  6:54  SCV x3  
  76  7:01  Viking x2  
  80  7:11  SCV x2  
  80  7:13  Hellion  
  84  7:23  Hellion, Orbital Command  
  86  7:31  Factory Reactor  
  86  7:33  Marine x2  
  88  7:42  Factory Tech Lab  
  88  7:55  SCV x3  
  91  7:58  Marine  
  91  7:59  Marine  
  91  8:00  Supply Depot  
  91  8:01  Supply Depot  
  91  8:03  Smart Servos  
  93  8:21  Hellion x4  
  93  8:22  Marine x2  
  93  8:23  Hellion  
  93  8:24  Supply Depot x2  
  93  8:25  Supply Depot  
  105  8:29  SCV x2  
  105  8:33  Terran Vehicle Weapons Level 1  
  107  8:36  Armory  
  107  8:44  Hellion  
  109  8:48  Supply Depot  
  109  8:50  Thor x2  
  109  8:52  Hellion x2  
  125  9:04  Marine x2  
  125  9:22  Supply Depot  
  125  9:26  Engineering Bay  
  125  9:31  Hellion x3  
  131  9:38  Supply Depot x2  
  131  9:52  SCV x3  
  132  10:04  SCV  
  132  10:06  Factory Tech Lab  
  137  10:07  Hellion x4  
  143  10:28  Hellion, SCV x2  
  143  10:29  SCV  
  142  10:39  Thor  
  145  10:46  Missile Turret  
  145  10:47  Missile Turret  
  145  10:53  Factory, Missile Turret  
  145  10:54  Factory  
  145  10:57  Command Center  
  145  10:58  Factory  
  145  10:59  SCV x3  
  145  11:00  Supply Depot x3  
  148  11:06  Thor  
  148  11:11  Thor  
  157  11:24  Hellion  
  159  11:27  Hellion  
  167  11:40  Missile Turret  
  167  11:41  Missile Turret  
  167  11:42  Missile Turret  
Show
View Real Time Build Order
Export as new Build Order

Sketchaphone Zerg 

Build Orders: Hatch First, Muta Ling Bane 

Get SALT Encoding   

  12  0:01  Drone  
  13  0:13  Overlord  
  13  0:18  Drone  
  14  0:23  Extractor  
  14  0:24  Drone  
  15  0:32  Drone  
  16  0:35  Drone  
  17  0:56  Hatchery  
  16  0:59  Drone  
  16  1:02  Extractor  
  16  1:07  Drone  
  17  1:13  Drone  
  18  1:29  Spawning Pool  
  18  1:32  Drone  
  18  1:46  Drone  
  19  1:47  Drone  
  19  1:52  Drone  
  20  2:17  Metabolic Boost, Queen  
  20  2:19  Queen  
  20  2:20  Zergling x2  
  26  2:22  Drone  
  26  2:24  Overlord  
  26  2:30  Drone  
  26  2:32  Drone  
  28  2:42  Zergling x2  
  28  2:43  Overlord  
  29  2:44  Zergling x2  
  29  2:48  Drone  
  31  2:52  Zergling x2  
  32  3:01  Drone  
  33  3:08  Drone x2  
  35  3:14  Queen  
  35  3:15  Drone  
  35  3:19  Drone  
  39  3:21  Evolution Chamber  
  39  3:25  Zergling x2  
  38  3:36  Queen  
  40  3:46  Drone  
  41  3:49  Drone  
  41  3:50  Overlord, Drone  
  43  4:03  Zerg Melee Weapons Level 1, Hatchery  
  42  4:22  Zergling x4  
  44  4:26  Drone  
  44  4:27  Overlord  
  44  4:28  Overlord x2  
  44  4:29  Drone  
  46  4:36  Drone  
  46  4:37  Baneling Nest, Drone  
  47  4:38  Drone x2  
  47  4:39  Drone  
  47  4:40  Drone  
  47  4:42  Overlord  
  51  5:02  Zergling x12  
  54  5:15  Zergling x10  
  54  5:16  Drone  
  49  5:30  Drone x3  
  52  5:39  Drone  
  53  5:43  Queen  
  53  5:45  Drone x2  
  55  5:59  Evolution Chamber  
  55  6:00  Extractor  
  55  6:01  Drone x6, Extractor  
  55  6:02  Extractor  
  55  6:03  Hatchery  
  56  6:12  Lair  
  56  6:14  Zerg Ground Armor Level 1  
  56  6:26  Drone x2  
  56  6:27  Drone  
  56  6:28  Drone  
  56  6:29  Drone x2  
  62  6:39  Drone x2  
  64  6:41  Drone  
  64  6:42  Drone  
  64  6:43  Zergling x2  
  64  6:44  Drone  
  68  6:50  Overlord  
  68  6:51  Drone  
  69  6:56  Pneumatized Carapace, Drone  
  70  7:05  Spore Crawler  
  70  7:06  Drone  
  70  7:08  Spore Crawler  
  69  7:15  Spire  
  68  7:22  Spore Crawler  
  67  7:26  Centrifical Hooks  
  67  7:27  Zerg Melee Weapons Level 2  
  67  7:29  Drone  
  68  7:30  Overlord x2  
  68  7:38  Spore Crawler  
  68  7:39  Spore Crawler  
  68  7:43  Drone  
  68  7:44  Spire, Drone  
  68  7:46  Baneling x2  
  68  7:47  Baneling  
  67  7:59  Baneling x6  
  67  8:00  Baneling x3  
  67  8:03  Drone x2  
  68  8:13  Roach Warren, Drone  
  68  8:14  Drone  
  68  8:16  Drone x2  
  68  8:18  Drone x2  
  73  8:25  Zergling x12  
  79  8:29  Overlord  
  79  8:36  Hydralisk Den  
  78  8:45  Spore Crawler, Drone x5  
  78  8:46  Spore Crawler  
  78  8:47  Zergling x4  
  83  8:50  Zergling x4  
  85  8:57  Overlord x2  
  74  9:16  Mutalisk x3  
  74  9:17  Mutalisk x4  
  81  9:31  Mutalisk, Extractor  
  75  9:33  Extractor  
  75  9:35  Queen  
  70  10:02  Drone, Mutalisk x2  
  70  10:04  Zergling x16  
  70  10:05  Zergling x14  
  90  10:11  Queen, Drone x2  
  94  10:15  Spore Crawler  
  93  10:28  Overlord  
  91  10:36  Overlord  
  91  10:46  Queen  
  91  10:47  Drone x2  
  95  10:54  Overlord  
  95  10:56  Zergling x16  
  103  10:57  Overlord x2  
  101  11:38  Baneling x5  
Tags
 
Matchup
TvZ
Replay Pack
init
Spawn Locations
Cross Positions
Add a new tag
Caveats
  • Supply blocks, unpowered buildings, or Contaminate may cause inaccurate times.
  • Supply counts are checked every 10 seconds.